Flames vs Kings (R1)

Created - December 20, 2021 at 07:55

Goals
1 2 3 OT1 SO T
Flames 2 0 1 0 2 4
Kings 1 0 2 0 1 3
Shots
1 2 3 OT1 SO T
Flames 12 14 7 0 3 33
Kings 2 8 20 0 3 30

1st period

1. Kings , Viktor Arvidsson 2 (Seth Jones 5, Aaron Ekblad 1) at 1:11 (PP)
2. Flames , Tanner Pearson 2 (Patrik Berglund 3, Esa Lindell 3) at 2:20 (PP)
3. Flames , Bryan Rust 1 (Colin Wilson 3) at 16:39

Penalties :
David Savard (Cal) for Interference (Minor) at 0:57, Raphael Diaz (L.A) for Hooking (Minor) at 1:34, Sergey Kalinin (L.A) for Hooking (Minor) at 6:43, Eric Staal (Cal) for Slashing (Minor) at 16:56

2nd period

No Goal

Penalties :
Alexander Semin (Cal) for Hooking (Minor) at 2:35

3rd period

4. Kings , Marek Svatos 2 (Gabriel Landeskog 3, Nathan MacKinnon 8) at 2:20
5. Kings , Viktor Arvidsson 3 (Jonathan Drouin 3, Sergey Kalinin 1) at 7:19
6. Flames , Patrik Berglund 1 (Brad Marchand 3) at 7:33

Penalties :
Jimmy Hayes (Cal) for High sticking (Minor) at 2:26, Sami Vatanen (Cal) for Hooking (Minor) at 9:31

Overtime #1

No Goal

Penalties :
No Penalty

Shootout

Flames, Eric Staal - Goal!
Kings, Anze Kopitar - Stopped by Christopher Gibson
Flames, Alexander Semin - Stopped by Jonas Gustavsson
Kings, Henrik Sedin - Goal!
Flames, Tanner Pearson - Goal!
Kings, Viktor Arvidsson - Stopped by Christopher Gibson

Penalties :
No Penalty

Goalie Stats

Christopher Gibson (Cal), 27 saves from 30 shots - (0.900), W, 1-0-0, 65:00 minutes
Jonas Gustavsson (L.A), 30 saves from 33 shots - (0.909), OTL, 1-0-1, 65:00 minutes

Players Stats for Flames

Player Name              G  A  P  +/- PIM S  H  SB GA TA FO     MP     PP MP  PK MP  
------------------------------------------------------------------------------------
Alexander Semin          0  0  0  -2  2   1  2  0  0  1  0/2    22:30   1:31   1:45 
Anders Lee               0  0  0   0  0   4  2  0  1  1  0/3     8:35   0:00   0:43 
Brad Marchand            0  1  1   1  0   3  3  2  0  1  4/10   19:55   0:00   4:59 
Bryan Rust               1  0  1   1  0   2  2  0  0  1  0/0    17:27   0:00   4:43 
Christian Folin          0  0  0   1  0   0  0  1  0  0  0/0    16:42   1:37   1:25 
Colby Robak              0  0  0  -2  0   0  3  0  1  0  0/0    21:48   0:00   2:48 
Colin Wilson             0  1  1   1  0   1  0  0  1  0  4/5    12:16   0:00   0:00 
David Backes             0  0  0  -2  0   4  3  2  2  0  0/0    20:30   1:31   0:00 
David Savard             0  0  0  -2  2   0  1  0  1  0  0/0    21:47   0:00   2:48 
David Ullstrom           0  0  0   0  0   2  1  0  0  0  0/0     8:44   0:00   1:04 
Eric Staal               0  0  0  -2  2   2  1  2  0  0  14/30  22:00   1:31   1:15 
Erik Johnson             0  0  0   1  0   1  2  2  1  2  0/0    28:20   1:08   5:22 
Esa Lindell              0  1  1   1  0   2  0  0  0  0  0/0    14:52   1:37   0:00 
Jimmy Hayes              0  0  0   1  2   2  4  0  1  1  0/2    14:01   1:14   0:00 
Kyle Palmieri            0  0  0   0  0   2  1  0  0  0  0/0     9:37   0:00   1:51 
Patrik Berglund          1  1  2   1  0   3  3  0  0  1  9/12   14:33   1:14   0:00 
Sami Vatanen             0  0  0   1  2   0  1  3  1  2  0/0    26:39   1:08   3:57 
Tanner Pearson           1  0  1   1  0   4  1  0  0  0  0/0    11:29   1:14   0:00 

Players Stats for Kings

Player Name              G  A  P  +/- PIM S  H  SB GA TA FO     MP     PP MP  PK MP  
------------------------------------------------------------------------------------
Aaron Ekblad             0  1  1   0  0   0  1  1  0  0  0/0    23:39   4:28   1:18 
Anze Kopitar             0  0  0   1  0   4  0  1  1  0  10/19  21:52   3:25   1:06 
Brock McGinn             0  0  0  -1  0   0  1  0  1  0  0/0    16:23   3:25   0:39 
Colton Parayko           0  0  0   0  0   0  2  0  2  1  0/0    27:06   3:43   1:27 
Eric Gryba               0  0  0  -1  0   0  0  1  0  0  0/0     4:45   0:00   0:00 
Gabriel Landeskog        0  1  1   0  0   4  0  0  1  1  2/2    25:28   4:44   0:56 
Henrik Sedin             0  0  0  -1  0   2  1  0  0  0  3/7    16:50   0:08   0:26 
Jonathan Drouin          0  1  1   1  0   2  0  1  0  0  0/0    21:20   3:25   0:21 
Marek Svatos             1  0  1   0  0   1  2  0  0  0  0/0    15:37   0:08   0:00 
Nathan MacKinnon         0  1  1   0  0   5  0  0  2  0  17/30  20:29   4:37   0:00 
Nikita Zaitsev           0  0  0   0  0   1  2  1  0  2  0/0    20:25   3:42   1:27 
Raphael Diaz             0  0  0   0  2   2  3  0  2  1  0/0    21:05   0:00   0:00 
Roman Josi               0  0  0   1  0   0  1  3  0  0  0/0     9:50   0:00   0:00 
Ryane Clowe              0  0  0  -1  0   2  2  1  0  0  0/0    16:03   0:00   1:30 
Sergey Kalinin           0  1  1   0  2   0  2  1  0  1  1/6     7:15   0:00   0:32 
Seth Jones               0  1  1   0  0   1  0  0  1  2  0/0    23:12   4:28   1:18 
Tim Connolly             0  0  0   0  0   0  0  0  0  0  0/0     6:28   0:00   0:00 
Viktor Arvidsson         2  0  2   1  0   6  2  0  0  1  0/0    19:26   4:37   0:00 

3 Stars

1 - Viktor Arvidsson (L.A)
2 - Patrik Berglund (Cal)
3 - Bryan Rust (Cal)

Power Play

Flames - 1 on 2 Attempt(s) - 50.00%
Kings - 1 on 5 Attempt(s) - 20.00%

Penalty Kill

Flames - 4 on 5 Attempt(s) - 80.00% - Score 0 goal in Penalty Kill
Kings - 1 on 2 Attempt(s) - 50.00% - Score 0 goal in Penalty Kill

Team Stat

Flames - Hits : 30 - Faceoff Wins : 31 - Blocked Shots : 12 - Penalty Minutes : 10
Kings - Hits : 19 - Faceoff Wins : 33 - Blocked Shots : 10 - Penalty Minutes : 4

Official

Referees : Chris Schlenker and Furman South
Linesman : Bevan Mills and Mark Shewchyk

Game Notes

No Game Note

Finance

Level 1 -- Attendance: 5892 (98.20%) -- Ticket Income $589,200
Level 2 -- Attendance: 4906 (98.12%) -- Ticket Income $294,360
Level 3 -- Attendance: 2000 (100.00%) -- Ticket Income $70,000
Level 4 -- Attendance: 4000 (100.00%) -- Ticket Income $100,000
Luxury Box -- Attendance: 997 (99.70%) -- Ticket Income $199,400
Game was played at the Staples Center.
Total Attendance: 17795 (98.86%)
Total Ticket Income: $1,252,960
Other Income: $187,944
Total Income: $1,440,904

Flames

5 vs 5 Forward 
   Center                   Left Wing                Right Wing               Time % Phy DF OF 
 1 Eric Staal               Alexander Semin          David Backes             40     1   2  2  
 2 Patrik Berglund          Brad Marchand            Jimmy Hayes              30     1   2  2  
 3 Colin Wilson             Tanner Pearson           Bryan Rust               20     1   2  2  
 4 Anders Lee               David Ullstrom           Kyle Palmieri            10     1   2  2  

5 vs 5 Defense 
   Defense                  Defense                                           Time % Phy DF OF 
 1 Erik Johnson             Sami Vatanen                                      40     1   2  2  
 2 Colby Robak              David Savard                                      30     1   2  2  
 3 Esa Lindell              Christian Folin                                   20     1   2  2  
 4 Colby Robak              David Savard                                      10     1   2  2  

PowerPlay Forward 
   Center                   Left Wing                Right Wing               Time % Phy DF OF 
 1 Eric Staal               Alexander Semin          David Backes             60     1   2  2  
 2 Patrik Berglund          Tanner Pearson           Jimmy Hayes              40     1   2  2  

PowerPlay Defense
   Defense                  Defense                                           Time % Phy DF OF 
 1 Erik Johnson             Sami Vatanen                                      60     1   2  2  
 2 Esa Lindell              Christian Folin                                   40     1   2  2  

Penalty Kill 4 Players Forward 
   Center                   Wing                     Time % Phy DF OF 
 1 Brad Marchand            Bryan Rust               60     1   2  2  
 2 Eric Staal               Kyle Palmieri            40     1   2  2  

Penalty Kill 4 Players Defense
   Defense                  Defense                  Time % Phy DF OF 
 1 Erik Johnson             Sami Vatanen             60     1   2  2  
 2 Colby Robak              David Savard             40     1   2  2  

Penalty Kill - 3 Players Forward 
   Forward                                           Time % Phy DF OF 
 1 Brad Marchand                                     60     1   2  2  
 2 Bryan Rust                                        40     1   2  2  

Penalty Kill - 3 Players Defense
   Defense                  Defense                  Time % Phy DF OF 
 1 Erik Johnson             Sami Vatanen             60     1   2  2  
 2 Colby Robak              David Savard             40     1   2  2  

4 vs 4 Forward 
   Center                   Wing                     Time % Phy DF OF 
 1 Eric Staal               David Backes             60     1   2  2  
 2 Patrik Berglund          Alexander Semin          40     1   2  2  

4 vs 4 Defense
   Defense                  Defense                  Time % Phy DF OF 
 1 Erik Johnson             Sami Vatanen             60     1   2  2  
 2 Colby Robak              David Savard             40     1   2  2  

Last Minutes Offensive
   Center                   Left Wing                Right Wing               Defense                  Defense                  
   Eric Staal               Alexander Semin          David Backes             Erik Johnson             Sami Vatanen             

Last Minutes Defensive
   Center                   Left Wing                Right Wing               Defense                  Defense                  
   Eric Staal               Alexander Semin          David Backes             Erik Johnson             Sami Vatanen             

Goaltenders
Starting : Christopher Gibson       
Backup : Henrik Lundqvist         

Extra Forwards
Normal : Brad Marchand, Bryan Rust, Colin Wilson - PP : Tanner Pearson, Colin Wilson - PK : Alexander Semin
Extra Defensemen
Normal : Esa Lindell, Christian Folin, Colby Robak - PP : Esa Lindell - PK : Christian Folin, Colby Robak
Penalty Shots
Eric Staal, Alexander Semin, Tanner Pearson, Patrik Berglund, Anders Lee

Scratches
Brendan Mikkelson (Healthy), Vladimir Sobotka (Healthy)

Kings

5 vs 5 Forward 
   Center                   Left Wing                Right Wing               Time % Phy DF OF 
 1 Anze Kopitar             Jonathan Drouin          Viktor Arvidsson         30     1   2  2  
 2 Nathan MacKinnon         Gabriel Landeskog        Marek Svatos             30     1   2  2  
 3 Henrik Sedin             Ryane Clowe              Brock McGinn             25     1   2  2  
 4 Sergey Kalinin           Gabriel Landeskog        Tim Connolly             15     1   3  1  

5 vs 5 Defense 
   Defense                  Defense                                           Time % Phy DF OF 
 1 Colton Parayko           Raphael Diaz                                      40     1   2  2  
 2 Seth Jones               Aaron Ekblad                                      30     1   2  2  
 3 Roman Josi               Nikita Zaitsev                                    20     1   2  2  
 4 Eric Gryba               Nikita Zaitsev                                    10     1   2  2  

PowerPlay Forward 
   Center                   Left Wing                Right Wing               Time % Phy DF OF 
 1 Nathan MacKinnon         Gabriel Landeskog        Viktor Arvidsson         60     1   2  2  
 2 Anze Kopitar             Jonathan Drouin          Brock McGinn             40     1   2  2  

PowerPlay Defense
   Defense                  Defense                                           Time % Phy DF OF 
 1 Aaron Ekblad             Seth Jones                                        60     1   2  2  
 2 Colton Parayko           Nikita Zaitsev                                    40     1   2  2  

Penalty Kill 4 Players Forward 
   Center                   Wing                     Time % Phy DF OF 
 1 Sergey Kalinin           Ryane Clowe              60     1   2  2  
 2 Anze Kopitar             Brock McGinn             40     1   2  2  

Penalty Kill 4 Players Defense
   Defense                  Defense                  Time % Phy DF OF 
 1 Colton Parayko           Nikita Zaitsev           60     1   2  2  
 2 Seth Jones               Aaron Ekblad             40     1   2  2  

Penalty Kill - 3 Players Forward 
   Forward                                           Time % Phy DF OF 
 1 Anze Kopitar                                      60     1   2  2  
 2 Gabriel Landeskog                                 40     1   2  2  

Penalty Kill - 3 Players Defense
   Defense                  Defense                  Time % Phy DF OF 
 1 Colton Parayko           Nikita Zaitsev           60     1   2  2  
 2 Seth Jones               Aaron Ekblad             40     1   2  2  

4 vs 4 Forward 
   Center                   Wing                     Time % Phy DF OF 
 1 Anze Kopitar             Jonathan Drouin          60     1   2  2  
 2 Nathan MacKinnon         Gabriel Landeskog        40     1   2  2  

4 vs 4 Defense
   Defense                  Defense                  Time % Phy DF OF 
 1 Colton Parayko           Raphael Diaz             60     1   2  2  
 2 Seth Jones               Aaron Ekblad             40     1   2  2  

Last Minutes Offensive
   Center                   Left Wing                Right Wing               Defense                  Defense                  
   Anze Kopitar             Gabriel Landeskog        Viktor Arvidsson         Colton Parayko           Raphael Diaz             

Last Minutes Defensive
   Center                   Left Wing                Right Wing               Defense                  Defense                  
   Anze Kopitar             Gabriel Landeskog        Brock McGinn             Colton Parayko           Raphael Diaz             

Goaltenders
Starting : Jonas Gustavsson         
Backup : Jimmy Howard             

Extra Forwards
Normal : Henrik Sedin, Nathan MacKinnon, Anze Kopitar - PP : Henrik Sedin, Marek Svatos - PK : Gabriel Landeskog
Extra Defensemen
Normal : Aaron Ekblad, Colton Parayko, Nikita Zaitsev - PP : Nikita Zaitsev - PK : Raphael Diaz, Roman Josi
Penalty Shots
Anze Kopitar, Henrik Sedin, Viktor Arvidsson, Gabriel Landeskog, Marek Svatos

Scratches
Colby Armstrong (Healthy), Mikko Rantanen (Broken Nose Injury), Samuel Morin (Healthy), Tyler Toffoli (Healthy)

% Time on Ice - Flames

Lines # - Real PCT - Wanted PCT - Time Play
Normal Forward
1 - 37% - 40% - 18:03
2 - 26% - 30% - 12:51
3 - 22% - 20% - 10:35
4 - 15% - 10% - 7:36
Normal Defense
1 - 39% - 40% - 19:22
2 - 30% - 30% - 14:29
3 - 26% - 20% - 12:40
4 - 5% - 10% - 2:34
PP Forward
1 - 55% - 60% - 1:31
2 - 45% - 40% - 1:14
PP Defense
1 - 41% - 60% - 1:08
2 - 59% - 40% - 1:37
PK Forward
1 - 77% - 60% - 6:19
2 - 23% - 40% - 1:51
PK Defense
1 - 66% - 60% - 5:22
2 - 34% - 40% - 2:48
PK3 Forward
1 - 0% - 60%
2 - 0% - 40%
PK3 Defense
1 - 0% - 60%
2 - 0% - 40%
44 Forward
1 - 87% - 60% - 4:22
2 - 13% - 40% - 0:38
44 Defense
1 - 55% - 60% - 2:46
2 - 45% - 40% - 2:14
Last Minute Offensive  - 0:00
Last Minute Defensive  - 0:00
Total
Forward - 65:00
Defense - 65:00

% Time on Ice - Kings

Lines # - Real PCT - Wanted PCT - Time Play
Normal Forward
1 - 31% - 30% - 15:18
2 - 29% - 30% - 14:28
3 - 26% - 25% - 12:51
4 - 13% - 15% - 6:28
Normal Defense
1 - 41% - 40% - 20:04
2 - 31% - 30% - 15:06
3 - 20% - 20% - 9:50
4 - 8% - 10% - 4:05
PP Forward
1 - 58% - 60% - 4:45
2 - 42% - 40% - 3:25
PP Defense
1 - 55% - 60% - 4:28
2 - 45% - 40% - 3:42
PK Forward
1 - 76% - 60% - 2:06
2 - 24% - 40% - 0:39
PK Defense
1 - 53% - 60% - 1:27
2 - 47% - 40% - 1:18
PK3 Forward
1 - 0% - 60%
2 - 0% - 40%
PK3 Defense
1 - 0% - 60%
2 - 0% - 40%
44 Forward
1 - 94% - 60% - 4:42
2 - 6% - 40% - 0:18
44 Defense
1 - 62% - 60% - 3:05
2 - 38% - 40% - 1:55
Last Minute Offensive  - 0:00
Last Minute Defensive  - 0:00
Total
Forward - 65:00
Defense - 65:00

Play-by-Play

1st period


0:01 of 1st period - Eric Staal wins face-off versus Anze Kopitar in neutral zone.
0:11 of 1st period - Off-side.
0:12 of 1st period - Nathan MacKinnon wins face-off versus Jimmy Hayes in neutral zone.
0:57 of 1st period - Minor Penalty to David Savard for Interference.
0:58 of 1st period - Brad Marchand wins face-off versus Nathan MacKinnon in Flames zone.
1:11 of 1st period - Wrist shot by Viktor Arvidsson.
1:11 of 1st period - Goal by Viktor Arvidsson - Flames : 0 - Kings : 1.
1:12 of 1st period - Eric Staal wins face-off versus Sergey Kalinin in neutral zone.
1:15 of 1st period - Colton Parayko is hit by David Backes and loses puck.
1:20 of 1st period - Snap shot by Eric Staal.
1:20 of 1st period - Shot Misses the Net.
1:34 of 1st period - Minor Penalty to Raphael Diaz for Hooking.
1:35 of 1st period - Eric Staal wins face-off versus Sergey Kalinin in Kings zone.
1:44 of 1st period - Snap shot by Eric Staal.
1:44 of 1st period - Stopped by Jonas Gustavsson with a rebound.
1:46 of 1st period - Slapshot by Sami Vatanen.
1:46 of 1st period - Deflect By Eric Staal.
1:46 of 1st period - Shot Blocked by Nikita Zaitsev.
1:46 of 1st period - Puck is out of play.
1:47 of 1st period - Eric Staal wins face-off versus Sergey Kalinin in Kings zone.
1:48 of 1st period - Snap shot by David Backes.
1:48 of 1st period - Stopped by Jonas Gustavsson without a rebound.
1:49 of 1st period - Eric Staal wins face-off versus Sergey Kalinin in Kings zone.
2:02 of 1st period - Snap shot by David Backes.
2:02 of 1st period - Shot Blocked by Ryane Clowe.
2:04 of 1st period - Slapshot by Erik Johnson.
2:04 of 1st period - Shot Misses the Net.
2:06 of 1st period - Slapshot by Erik Johnson.
2:06 of 1st period - Deflect By David Backes.
2:06 of 1st period - Shot Misses the Net.
2:06 of 1st period - Puck is out of play.
2:07 of 1st period - Patrik Berglund wins face-off versus Anze Kopitar in Kings zone.
2:16 of 1st period - Slapshot by Tanner Pearson.
2:16 of 1st period - Stopped by Jonas Gustavsson with a rebound.
2:18 of 1st period - Backhand shot by Esa Lindell.
2:18 of 1st period - Stopped by Jonas Gustavsson with a rebound.
2:20 of 1st period - Wrist shot by Patrik Berglund.
2:20 of 1st period - Deflect By Tanner Pearson.
2:20 of 1st period - Goal by Tanner Pearson - Flames : 1 - Kings : 1.
2:21 of 1st period - Anze Kopitar wins face-off versus Eric Staal in neutral zone.
2:53 of 1st period - Snap shot by Colton Parayko.
2:53 of 1st period - Deflect By Marek Svatos.
2:53 of 1st period - Shot Blocked by Brad Marchand.
2:53 of 1st period - Puck is out of play.
2:54 of 1st period - Patrik Berglund wins face-off versus Henrik Sedin in Flames zone.
3:21 of 1st period - Colton Parayko is hit by David Backes and loses puck.
3:52 of 1st period - Colton Parayko is hit by Colby Robak and loses puck.
4:07 of 1st period - Patrik Berglund is hit by Ryane Clowe and loses puck.
4:28 of 1st period - Esa Lindell is hit by Raphael Diaz and loses puck.
6:29 of 1st period - Colby Robak is hit by Henrik Sedin and loses puck.
6:40 of 1st period - Snap shot by Colin Wilson.
6:40 of 1st period - Deflect By Tanner Pearson.
6:40 of 1st period - Shot Misses the Net.
6:40 of 1st period - Puck is out of play.
6:41 of 1st period - Sergey Kalinin wins face-off versus Patrik Berglund in Kings zone.
6:43 of 1st period - Minor Penalty to Sergey Kalinin for Hooking.
6:44 of 1st period - Gabriel Landeskog wins face-off versus Eric Staal in Kings zone.
8:36 of 1st period - Brock McGinn is hit by Jimmy Hayes and loses puck.
8:43 of 1st period - Penalty to Sergey Kalinin is over, Sergey Kalinin is back on ice.
9:03 of 1st period - Icing by Colton Parayko.
9:04 of 1st period - Colin Wilson wins face-off versus Anze Kopitar in Kings zone.
9:25 of 1st period - Slapshot by Kyle Palmieri.
9:25 of 1st period - Shot Misses the Net.
9:27 of 1st period - Wrist shot by David Ullstrom.
9:27 of 1st period - Stopped by Jonas Gustavsson without a rebound.
9:28 of 1st period - Nathan MacKinnon wins face-off versus Anders Lee in Kings zone.
9:37 of 1st period - Wrist shot by Nathan MacKinnon.
9:37 of 1st period - Shot Misses the Net.
9:47 of 1st period - Wrist shot by Kyle Palmieri.
9:47 of 1st period - Stopped by Jonas Gustavsson with a rebound.
9:55 of 1st period - Snap shot by Anders Lee.
9:55 of 1st period - Stopped by Jonas Gustavsson without a rebound.
9:56 of 1st period - Eric Staal wins face-off versus Anze Kopitar in Kings zone.
10:33 of 1st period - Snap shot by Brad Marchand.
10:33 of 1st period - Shot Blocked by Aaron Ekblad.
10:55 of 1st period - Wrist shot by Nathan MacKinnon.
10:55 of 1st period - Shot Misses the Net.
11:55 of 1st period - Wrist shot by Ryane Clowe.
11:55 of 1st period - Stopped by Christopher Gibson with a rebound.
11:57 of 1st period - Slapshot by Roman Josi.
11:57 of 1st period - Shot Blocked by Brad Marchand.
11:59 of 1st period - Slapshot by Nikita Zaitsev.
11:59 of 1st period - Shot Blocked by Christian Folin.
12:13 of 1st period - Icing by Jimmy Hayes.
12:14 of 1st period - Patrik Berglund wins face-off versus Sergey Kalinin in Flames zone.
12:14 of 1st period - Patrik Berglund is hit by Nikita Zaitsev.
13:29 of 1st period - Slapshot by Anders Lee.
13:29 of 1st period - Stopped by Jonas Gustavsson without a rebound.
13:30 of 1st period - Eric Staal wins face-off versus Anze Kopitar in Kings zone.
13:43 of 1st period - Snap shot by David Backes.
13:43 of 1st period - Stopped by Jonas Gustavsson with a rebound.
13:57 of 1st period - Patrik Berglund is hit by Ryane Clowe and loses puck.
14:17 of 1st period - Icing by Ryane Clowe.
14:18 of 1st period - Nathan MacKinnon wins face-off versus Colin Wilson in Kings zone.
14:23 of 1st period - Bryan Rust is hit by Nikita Zaitsev.
15:10 of 1st period - Snap shot by Colin Wilson.
15:10 of 1st period - Deflect By Anze Kopitar.
15:10 of 1st period - Shot Misses the Net.
15:10 of 1st period - Puck is out of play.
15:11 of 1st period - Eric Staal wins face-off versus Nathan MacKinnon in Kings zone.
15:16 of 1st period - Snap shot by Eric Staal.
15:16 of 1st period - Deflect By Alexander Semin.
15:16 of 1st period - Stopped by Jonas Gustavsson with a rebound.
15:28 of 1st period - Wrist shot by Nathan MacKinnon.
15:28 of 1st period - Shot Blocked by Eric Staal.
16:39 of 1st period - Wrist shot by Bryan Rust.
16:39 of 1st period - Goal by Bryan Rust - Flames : 2 - Kings : 1.
16:40 of 1st period - Gabriel Landeskog wins face-off versus Eric Staal in neutral zone.
16:56 of 1st period - Minor Penalty to Eric Staal for Slashing.
16:57 of 1st period - Brad Marchand wins face-off versus Nathan MacKinnon in Flames zone.
17:05 of 1st period - Viktor Arvidsson is hit by Bryan Rust and loses puck.
17:14 of 1st period - Brad Marchand is hit by Viktor Arvidsson and loses puck.
17:24 of 1st period - Off-side.
17:25 of 1st period - Anze Kopitar wins face-off versus Brad Marchand in neutral zone.
17:57 of 1st period - Wrist shot by Nathan MacKinnon.
17:57 of 1st period - Shot Hit the Post.
17:59 of 1st period - Snap shot by Nathan MacKinnon.
17:59 of 1st period - Shot Misses the Net.
18:01 of 1st period - Snap shot by Gabriel Landeskog.
18:01 of 1st period - Shot Misses the Net.
18:56 of 1st period - Penalty to Eric Staal is over, Eric Staal is back on ice.
19:24 of 1st period - Icing by Esa Lindell.
19:25 of 1st period - Patrik Berglund wins face-off versus Henrik Sedin in Flames zone.
Goals for this period are 2 for Flames vs 1 for Kings.
Shots for this period are 12 for Flames vs 2 for Kings.

2nd period


0:01 of 2nd period - Nathan MacKinnon wins face-off versus Eric Staal in neutral zone.
0:26 of 2nd period - Colton Parayko is hit by Jimmy Hayes and loses puck.
0:59 of 2nd period - Slapshot by Tanner Pearson.
0:59 of 2nd period - Deflect By Bryan Rust.
0:59 of 2nd period - Stopped by Jonas Gustavsson without a rebound.
1:00 of 2nd period - Nathan MacKinnon wins face-off versus Eric Staal in Kings zone.
1:30 of 2nd period - Off-side.
1:31 of 2nd period - Patrik Berglund wins face-off versus Henrik Sedin in neutral zone.
2:11 of 2nd period - Snap shot by Jimmy Hayes.
2:11 of 2nd period - Stopped by Jonas Gustavsson without a rebound.
2:12 of 2nd period - Eric Staal wins face-off versus Nathan MacKinnon in Kings zone.
2:21 of 2nd period - Slapshot by David Backes.
2:21 of 2nd period - Shot Misses the Net.
2:35 of 2nd period - Minor Penalty to Alexander Semin for Hooking.
2:36 of 2nd period - Nathan MacKinnon wins face-off versus Brad Marchand in Flames zone.
2:49 of 2nd period - Snap shot by Gabriel Landeskog.
2:49 of 2nd period - Shot Misses the Net.
2:51 of 2nd period - Backhand shot by Viktor Arvidsson.
2:51 of 2nd period - Stopped by Christopher Gibson with a rebound.
2:53 of 2nd period - Slapshot by Viktor Arvidsson.
2:53 of 2nd period - Stopped by Christopher Gibson with a rebound.
3:09 of 2nd period - Snap shot by Anze Kopitar.
3:09 of 2nd period - Shot Blocked by Sami Vatanen.
3:11 of 2nd period - Snap shot by Nikita Zaitsev.
3:11 of 2nd period - Stopped by Christopher Gibson with a rebound.
3:13 of 2nd period - Backhand shot by Nikita Zaitsev.
3:13 of 2nd period - Shot Blocked by Sami Vatanen.
4:35 of 2nd period - Penalty to Alexander Semin is over, Alexander Semin is back on ice.
4:42 of 2nd period - Slapshot by Henrik Sedin.
4:42 of 2nd period - Stopped by Christopher Gibson with a rebound.
4:52 of 2nd period - Slapshot by Sami Vatanen.
4:52 of 2nd period - Shot Blocked by Roman Josi.
4:54 of 2nd period - Slapshot by Erik Johnson.
4:54 of 2nd period - Deflect By Brad Marchand.
4:54 of 2nd period - Stopped by Jonas Gustavsson with a rebound.
4:56 of 2nd period - Slapshot by Sami Vatanen.
4:56 of 2nd period - Shot Misses the Net.
4:58 of 2nd period - Slapshot by Sami Vatanen.
4:58 of 2nd period - Deflect By Alexander Semin.
4:58 of 2nd period - Shot Misses the Net.
4:58 of 2nd period - Puck is out of play.
4:59 of 2nd period - Henrik Sedin wins face-off versus Anders Lee in Kings zone.
5:39 of 2nd period - Anders Lee is hit by Colton Parayko and loses puck.
6:16 of 2nd period - Seth Jones is hit by Alexander Semin and loses puck.
6:31 of 2nd period - Snap shot by Kyle Palmieri.
6:31 of 2nd period - Shot Misses the Net.
6:33 of 2nd period - Snap shot by Anders Lee.
6:33 of 2nd period - Shot Misses the Net.
6:58 of 2nd period - Christian Folin is hit by Sergey Kalinin and loses puck.
7:16 of 2nd period - Slapshot by Viktor Arvidsson.
7:16 of 2nd period - Shot Misses the Net.
7:42 of 2nd period - Aaron Ekblad is hit by Brad Marchand and loses puck.
8:14 of 2nd period - Colton Parayko is hit by Kyle Palmieri and loses puck.
9:53 of 2nd period - Esa Lindell is hit by Roman Josi and loses puck.
10:06 of 2nd period - Snap shot by Patrik Berglund.
10:06 of 2nd period - Stopped by Jonas Gustavsson with a rebound.
11:04 of 2nd period - Slapshot by David Backes.
11:04 of 2nd period - Stopped by Jonas Gustavsson with a rebound.
11:06 of 2nd period - Slapshot by David Savard.
11:06 of 2nd period - Shot Misses the Net.
11:08 of 2nd period - Snap shot by David Backes.
11:08 of 2nd period - Shot Misses the Net.
11:25 of 2nd period - Raphael Diaz is hit by Brad Marchand.
11:29 of 2nd period - Raphael Diaz is hit by Patrik Berglund and loses puck.
11:59 of 2nd period - Wrist shot by Kyle Palmieri.
11:59 of 2nd period - Stopped by Jonas Gustavsson with a rebound.
12:01 of 2nd period - Wrist shot by David Ullstrom.
12:01 of 2nd period - Shot Misses the Net.
12:03 of 2nd period - Wrist shot by David Ullstrom.
12:03 of 2nd period - Stopped by Jonas Gustavsson with a rebound.
12:05 of 2nd period - Snap shot by David Ullstrom.
12:05 of 2nd period - Shot Misses the Net.
12:11 of 2nd period - Wrist shot by Anders Lee.
12:11 of 2nd period - Shot Misses the Net.
12:13 of 2nd period - Snap shot by Anders Lee.
12:13 of 2nd period - Shot Blocked by Sergey Kalinin.
12:31 of 2nd period - Slapshot by Erik Johnson.
12:31 of 2nd period - Stopped by Jonas Gustavsson without a rebound.
12:32 of 2nd period - Eric Staal wins face-off versus Anze Kopitar in Kings zone.
12:35 of 2nd period - Snap shot by David Backes.
12:35 of 2nd period - Shot Blocked by Eric Gryba.
12:37 of 2nd period - Wrist shot by Alexander Semin.
12:37 of 2nd period - Deflect By David Backes.
12:37 of 2nd period - Shot Misses the Net.
12:37 of 2nd period - Puck is out of play.
12:38 of 2nd period - Anze Kopitar wins face-off versus Eric Staal in Kings zone.
13:17 of 2nd period - Snap shot by Anze Kopitar.
13:17 of 2nd period - Shot Blocked by David Backes.
13:37 of 2nd period - Slapshot by Eric Staal.
13:37 of 2nd period - Stopped by Jonas Gustavsson with a rebound.
13:39 of 2nd period - Slapshot by Sami Vatanen.
13:39 of 2nd period - Shot Blocked by Anze Kopitar.
13:41 of 2nd period - Slapshot by Sami Vatanen.
13:41 of 2nd period - Shot Blocked by Jonathan Drouin.
13:43 of 2nd period - Slapshot by Erik Johnson.
13:43 of 2nd period - Shot Misses the Net.
13:45 of 2nd period - Snap shot by Alexander Semin.
13:45 of 2nd period - Deflect By David Backes.
13:45 of 2nd period - Shot Misses the Net.
13:45 of 2nd period - Puck is out of play.
13:46 of 2nd period - Patrik Berglund wins face-off versus Nathan MacKinnon in Kings zone.
14:01 of 2nd period - Snap shot by Nathan MacKinnon.
14:01 of 2nd period - Deflect By Jimmy Hayes.
14:01 of 2nd period - Shot Misses the Net.
14:01 of 2nd period - Puck is out of play.
14:02 of 2nd period - Colin Wilson wins face-off versus Henrik Sedin in Flames zone.
14:02 of 2nd period - Colin Wilson is hit by Brock McGinn.
14:10 of 2nd period - Wrist shot by Bryan Rust.
14:10 of 2nd period - Shot Misses the Net.
14:48 of 2nd period - Seth Jones is hit by David Ullstrom and loses puck.
14:55 of 2nd period - Sami Vatanen is hit by Sergey Kalinin and loses puck.
15:11 of 2nd period - Colin Wilson is hit by Raphael Diaz and loses puck.
15:18 of 2nd period - Brock McGinn is hit by Bryan Rust and loses puck.
15:46 of 2nd period - Icing by Colton Parayko.
15:47 of 2nd period - Patrik Berglund wins face-off versus Nathan MacKinnon in Kings zone.
16:20 of 2nd period - Wrist shot by Brock McGinn.
16:20 of 2nd period - Shot Blocked by Eric Staal.
16:22 of 2nd period - Wrist shot by Raphael Diaz.
16:22 of 2nd period - Stopped by Christopher Gibson with a rebound.
16:24 of 2nd period - Backhand shot by Brock McGinn.
16:24 of 2nd period - Shot Misses the Net.
17:23 of 2nd period - Snap shot by Viktor Arvidsson.
17:23 of 2nd period - Stopped by Christopher Gibson with a rebound.
17:25 of 2nd period - Wrist shot by Anze Kopitar.
17:25 of 2nd period - Deflect By Jonathan Drouin.
17:25 of 2nd period - Shot Blocked by Erik Johnson.
17:25 of 2nd period - Puck is out of play.
17:26 of 2nd period - Anze Kopitar wins face-off versus Eric Staal in Flames zone.
17:39 of 2nd period - Snap shot by Alexander Semin.
17:39 of 2nd period - Shot Blocked by Roman Josi.
17:41 of 2nd period - Wrist shot by Christian Folin.
17:41 of 2nd period - Shot Misses the Net.
17:43 of 2nd period - Slapshot by Esa Lindell.
17:43 of 2nd period - Stopped by Jonas Gustavsson with a rebound.
18:13 of 2nd period - Snap shot by Kyle Palmieri.
18:13 of 2nd period - Shot Blocked by Roman Josi.
18:15 of 2nd period - Wrist shot by Anders Lee.
18:15 of 2nd period - Stopped by Jonas Gustavsson without a rebound.
18:16 of 2nd period - Nathan MacKinnon wins face-off versus Anders Lee in Kings zone.
18:16 of 2nd period - Nathan MacKinnon is hit by Sami Vatanen.
18:22 of 2nd period - Gabriel Landeskog is hit by Anders Lee and loses puck.
18:35 of 2nd period - Snap shot by David Ullstrom.
18:35 of 2nd period - Shot Misses the Net.
18:37 of 2nd period - Slapshot by Anders Lee.
18:37 of 2nd period - Stopped by Jonas Gustavsson without a rebound.
18:38 of 2nd period - Anze Kopitar wins face-off versus Eric Staal in Kings zone.
18:48 of 2nd period - Wrist shot by Viktor Arvidsson.
18:48 of 2nd period - Stopped by Christopher Gibson with a rebound.
18:54 of 2nd period - Snap shot by David Savard.
18:54 of 2nd period - Deflect By Eric Staal.
18:54 of 2nd period - Shot Misses the Net.
18:54 of 2nd period - Puck is out of play.
18:55 of 2nd period - Patrik Berglund wins face-off versus Nathan MacKinnon in Kings zone.
19:00 of 2nd period - Wrist shot by Patrik Berglund.
19:00 of 2nd period - Stopped by Jonas Gustavsson without a rebound.
19:01 of 2nd period - Patrik Berglund wins face-off versus Nathan MacKinnon in Kings zone.
19:04 of 2nd period - Backhand shot by Jimmy Hayes.
19:04 of 2nd period - Stopped by Jonas Gustavsson with a rebound.
19:16 of 2nd period - Snap shot by Gabriel Landeskog.
19:16 of 2nd period - Stopped by Christopher Gibson with a rebound.
19:18 of 2nd period - Wrist shot by Raphael Diaz.
19:18 of 2nd period - Shot Blocked by Sami Vatanen.
Goals for this period are 0 for Flames vs 0 for Kings.
Shots for this period are 14 for Flames vs 8 for Kings.

3rd period


0:01 of 3rd period - Eric Staal wins face-off versus Nathan MacKinnon in neutral zone.
0:08 of 3rd period - Snap shot by Raphael Diaz.
0:08 of 3rd period - Stopped by Christopher Gibson with a rebound.
0:15 of 3rd period - Icing by Eric Staal.
0:16 of 3rd period - Anze Kopitar wins face-off versus Eric Staal in Flames zone.
0:25 of 3rd period - Raphael Diaz is hit by Eric Staal and loses puck.
0:51 of 3rd period - Snap shot by David Backes.
0:51 of 3rd period - Stopped by Jonas Gustavsson without a rebound.
0:52 of 3rd period - Henrik Sedin wins face-off versus Jimmy Hayes in Kings zone.
1:06 of 3rd period - Brock McGinn is hit by Patrik Berglund and loses puck.
1:17 of 3rd period - Bryan Rust is hit by Aaron Ekblad and loses puck.
1:22 of 3rd period - Snap shot by Nathan MacKinnon.
1:22 of 3rd period - Stopped by Christopher Gibson with a rebound.
1:24 of 3rd period - Slapshot by Nathan MacKinnon.
1:24 of 3rd period - Stopped by Christopher Gibson without a rebound.
1:25 of 3rd period - Nathan MacKinnon wins face-off versus Alexander Semin in Flames zone.
1:32 of 3rd period - Snap shot by Nathan MacKinnon.
1:32 of 3rd period - Shot Misses the Net.
1:37 of 3rd period - Snap shot by Nathan MacKinnon.
1:37 of 3rd period - Stopped by Christopher Gibson without a rebound.
1:38 of 3rd period - Nathan MacKinnon wins face-off versus Eric Staal in Flames zone.
1:38 of 3rd period - Nathan MacKinnon is hit by Colby Robak.
1:44 of 3rd period - Wrist shot by Gabriel Landeskog.
1:44 of 3rd period - Deflect By Nathan MacKinnon.
1:44 of 3rd period - Stopped by Christopher Gibson without a rebound.
1:45 of 3rd period - Nathan MacKinnon wins face-off versus Eric Staal in Flames zone.
2:04 of 3rd period - Snap shot by Nathan MacKinnon.
2:04 of 3rd period - Shot Misses the Net.
2:16 of 3rd period - Wrist shot by Gabriel Landeskog.
2:16 of 3rd period - Stopped by Christopher Gibson with a rebound.
2:20 of 3rd period - Snap shot by Marek Svatos.
2:20 of 3rd period - Goal by Marek Svatos - Flames : 2 - Kings : 2.
2:21 of 3rd period - Anze Kopitar wins face-off versus Patrik Berglund in neutral zone.
2:24 of 3rd period - Slapshot by Anze Kopitar.
2:24 of 3rd period - Shot Misses the Net.
2:26 of 3rd period - Minor Penalty to Jimmy Hayes for High sticking.
2:27 of 3rd period - Nathan MacKinnon wins face-off versus Brad Marchand in Flames zone.
2:28 of 3rd period - Slapshot by Seth Jones.
2:28 of 3rd period - Deflect By Gabriel Landeskog.
2:28 of 3rd period - Shot Misses the Net.
2:28 of 3rd period - Puck is out of play.
2:29 of 3rd period - Brad Marchand wins face-off versus Nathan MacKinnon in Flames zone.
3:31 of 3rd period - Eric Staal is hit by Colton Parayko and loses puck.
4:22 of 3rd period - Sami Vatanen is hit by Marek Svatos and loses puck.
4:26 of 3rd period - Penalty to Jimmy Hayes is over, Jimmy Hayes is back on ice.
5:11 of 3rd period - Nathan MacKinnon is hit by Jimmy Hayes and loses puck.
5:56 of 3rd period - Roman Josi is hit by Jimmy Hayes and loses puck.
6:09 of 3rd period - Gabriel Landeskog is hit by David Backes and loses puck.
6:22 of 3rd period - Tanner Pearson is hit by Raphael Diaz and loses puck.
6:33 of 3rd period - Jonathan Drouin is hit by Anders Lee and loses puck.
6:50 of 3rd period - Off-side.
6:51 of 3rd period - Nathan MacKinnon wins face-off versus Eric Staal in neutral zone.
6:54 of 3rd period - Slapshot by Seth Jones.
6:54 of 3rd period - Shot Misses the Net.
7:19 of 3rd period - Snap shot by Viktor Arvidsson.
7:19 of 3rd period - Goal by Viktor Arvidsson - Flames : 2 - Kings : 3.
7:20 of 3rd period - Nathan MacKinnon wins face-off versus Patrik Berglund in neutral zone.
7:27 of 3rd period - Marek Svatos is hit by Patrik Berglund.
7:33 of 3rd period - Snap shot by Patrik Berglund.
7:33 of 3rd period - Goal by Patrik Berglund - Flames : 3 - Kings : 3.
7:34 of 3rd period - Eric Staal wins face-off versus Nathan MacKinnon in neutral zone.
7:42 of 3rd period - David Backes is hit by Marek Svatos and loses puck.
7:51 of 3rd period - Snap shot by Nathan MacKinnon.
7:51 of 3rd period - Shot Blocked by Erik Johnson.
8:08 of 3rd period - Slapshot by Jonathan Drouin.
8:08 of 3rd period - Stopped by Christopher Gibson with a rebound.
8:16 of 3rd period - Aaron Ekblad is hit by Brad Marchand and loses puck.
8:40 of 3rd period - Slapshot by Seth Jones.
8:40 of 3rd period - Stopped by Christopher Gibson without a rebound.
8:41 of 3rd period - Eric Staal wins face-off versus Nathan MacKinnon in Flames zone.
8:45 of 3rd period - Icing by Colby Robak.
8:46 of 3rd period - Nathan MacKinnon wins face-off versus Eric Staal in Flames zone.
8:53 of 3rd period - Snap shot by Gabriel Landeskog.
8:53 of 3rd period - Stopped by Christopher Gibson with a rebound.
9:14 of 3rd period - Off-side.
9:15 of 3rd period - Anze Kopitar wins face-off versus Brad Marchand in neutral zone.
9:22 of 3rd period - Backhand shot by Anze Kopitar.
9:22 of 3rd period - Stopped by Christopher Gibson without a rebound.
9:23 of 3rd period - Anze Kopitar wins face-off versus Eric Staal in Flames zone.
9:24 of 3rd period - Snap shot by Jonathan Drouin.
9:24 of 3rd period - Stopped by Christopher Gibson with a rebound.
9:26 of 3rd period - Slapshot by Anze Kopitar.
9:26 of 3rd period - Shot Misses the Net.
9:28 of 3rd period - Snap shot by Anze Kopitar.
9:28 of 3rd period - Stopped by Christopher Gibson without a rebound.
9:29 of 3rd period - Eric Staal wins face-off versus Anze Kopitar in Flames zone.
9:31 of 3rd period - Minor Penalty to Sami Vatanen for Hooking.
9:32 of 3rd period - Nathan MacKinnon wins face-off versus Brad Marchand in Flames zone.
9:41 of 3rd period - Wrist shot by Nathan MacKinnon.
9:41 of 3rd period - Stopped by Christopher Gibson without a rebound.
9:42 of 3rd period - Nathan MacKinnon wins face-off versus Brad Marchand in Flames zone.
10:09 of 3rd period - Slapshot by Gabriel Landeskog.
10:09 of 3rd period - Stopped by Christopher Gibson without a rebound.
10:10 of 3rd period - Brad Marchand wins face-off versus Anze Kopitar in Flames zone.
10:27 of 3rd period - Snap shot by Anze Kopitar.
10:27 of 3rd period - Stopped by Christopher Gibson with a rebound.
11:31 of 3rd period - Penalty to Sami Vatanen is over, Sami Vatanen is back on ice.
11:55 of 3rd period - Wrist shot by Ryane Clowe.
11:55 of 3rd period - Stopped by Christopher Gibson without a rebound.
11:56 of 3rd period - Henrik Sedin wins face-off versus Eric Staal in Flames zone.
12:05 of 3rd period - Colton Parayko is hit by David Savard.
12:35 of 3rd period - Henrik Sedin is hit by Colby Robak and loses puck.
12:48 of 3rd period - Wrist shot by Bryan Rust.
12:48 of 3rd period - Deflect By Tanner Pearson.
12:48 of 3rd period - Stopped by Jonas Gustavsson without a rebound.
12:49 of 3rd period - Colin Wilson wins face-off versus Anze Kopitar in Kings zone.
12:49 of 3rd period - Colin Wilson is hit by Viktor Arvidsson.
12:57 of 3rd period - Slapshot by Colin Wilson.
12:57 of 3rd period - Stopped by Jonas Gustavsson with a rebound.
13:22 of 3rd period - Slapshot by Tanner Pearson.
13:22 of 3rd period - Deflect By Anze Kopitar.
13:22 of 3rd period - Stopped by Jonas Gustavsson without a rebound.
13:23 of 3rd period - Nathan MacKinnon wins face-off versus Alexander Semin in Kings zone.
13:34 of 3rd period - Wrist shot by Gabriel Landeskog.
13:34 of 3rd period - Shot Blocked by David Backes.
14:03 of 3rd period - Snap shot by Henrik Sedin.
14:03 of 3rd period - Stopped by Christopher Gibson with a rebound.
15:04 of 3rd period - Aaron Ekblad is hit by Tanner Pearson and loses puck.
16:36 of 3rd period - Wrist shot by Anze Kopitar.
16:36 of 3rd period - Stopped by Christopher Gibson with a rebound.
17:02 of 3rd period - Wrist shot by Brad Marchand.
17:02 of 3rd period - Stopped by Jonas Gustavsson with a rebound.
17:04 of 3rd period - Slapshot by Christian Folin.
17:04 of 3rd period - Shot Misses the Net.
17:08 of 3rd period - Snap shot by Brad Marchand.
17:08 of 3rd period - Stopped by Jonas Gustavsson without a rebound.
17:09 of 3rd period - Colin Wilson wins face-off versus Nathan MacKinnon in Kings zone.
17:34 of 3rd period - Colton Parayko is hit by Erik Johnson and loses puck.
19:30 of 3rd period - Henrik Sedin is hit by Erik Johnson and loses puck.
Goals for this period are 1 for Flames vs 2 for Kings.
Shots for this period are 7 for Flames vs 20 for Kings.

Overtime #1


0:01 of 1st overtime period - Anze Kopitar wins face-off versus Eric Staal in neutral zone.
0:16 of 1st overtime period - Snap shot by Jonathan Drouin.
0:16 of 1st overtime period - Shot Misses the Net.
1:47 of 1st overtime period - Gabriel Landeskog is hit by Alexander Semin and loses puck.
Goals for this period are 0 for Flames vs 0 for Kings.
Shots for this period are 0 for Flames vs 0 for Kings.

ShootOut


5:00 of 1st overtime period - Round #1.
5:00 of 1st overtime period - Flames, Eric Staal.
5:00 of 1st overtime period - Wrist shot by Eric Staal.
5:00 of 1st overtime period - Goal by Eric Staal.
5:00 of 1st overtime period - Kings, Anze Kopitar.
5:00 of 1st overtime period - Snap shot by Anze Kopitar.
5:00 of 1st overtime period - Stopped by Christopher Gibson.
5:00 of 1st overtime period - Round #2.
5:00 of 1st overtime period - Flames, Alexander Semin.
5:00 of 1st overtime period - Wrist shot by Alexander Semin.
5:00 of 1st overtime period - Stopped by Jonas Gustavsson.
5:00 of 1st overtime period - Kings, Henrik Sedin.
5:00 of 1st overtime period - Snap shot by Henrik Sedin.
5:00 of 1st overtime period - Goal by Henrik Sedin.
5:00 of 1st overtime period - Round #3.
5:00 of 1st overtime period - Flames, Tanner Pearson.
5:00 of 1st overtime period - Deke by Tanner Pearson.
5:00 of 1st overtime period - Goal by Tanner Pearson.
5:00 of 1st overtime period - Kings, Viktor Arvidsson.
5:00 of 1st overtime period - Deke by Viktor Arvidsson.
5:00 of 1st overtime period - Stopped by Christopher Gibson. Output by the SimonT Hockey Simulator (STHS) for Francois Prevost - Original Page W3C HTML5 Valid
Hockey Simulator - Hockey Simulation - Hockey Manager